AoeStats
← Wolfaroth

Black Forest

505503117Analyzed
2v2 RM · 23d ago on Sep 9, 2026· 40m 30s· 4 players
Game mode
Random Map
Map size
Medium (4 player)
Population
200
Speed
Normal
Resources
Standard
Victory
Conquest
Starting age
Dark Age
Ending age
Imperial Age
RankedLock teamsTeams togetherTeam positionsShared explorationLock speedFull tech treeHidden civsTurbo modeCheats
Victory
Defeat
🇲🇽 Celts · Mexico
772
+16
🇲🇽 Franks · Mexico
722
+18
🇬🇷 Teutons · Greece
769
-17
🇬🇷 Britons · Greece
764
-17
TpLxxFulgore
14:01 Feudal Age
12:17 Loom
18:17 Castle Age
16:33 Double-Bit Axe
34:58 Imperial Age
33:19 Ballistics
36:08 Conscription
35:11 Heavy Scorpion
38:07 Chemistry
37:01 Fletching
37:12 Padded Archer Armor
38:26 Furor Celtica
o Pac Pro
3:29 Loom
14:26 Feudal Age
20:44 Castle Age
19:05 Double-Bit Axe
23:28 Bow Saw
23:58 Wheelbarrow
24:24 Scale Barding Armor
24:38 Husbandry
32:26 Imperial Age
31:14 Chain Barding Armor
31:05 Forging
33:52 Plate Barding Armor
33:53 Iron Casting
33:51 Onager
34:33 Cavalier
36:10 Paladin
37:22 Hand Cart
Wolfaroth
0:33 Loom
12:20 Feudal Age
17:47 Castle Age
15:38 Double-Bit Axe
16:12 Horse Collar
19:30 Bow Saw
19:23 Heavy Plow
23:41 Gold Mining
37:12 Imperial Age
36:12 Ballistics
36:12 Fortified Wall
36:12 Fletching
36:23 Padded Archer Armor
36:50 Bodkin Arrow
36:56 Padded Archer Armor
38:33 Bracer
38:49 Leather Archer Armor
40:15 Forging
40:06 Scale Mail Armor
40:11 Scale Barding Armor
40:13 Crossbowman
peritrikala
0:47 Loom
15:01 Feudal Age
20:48 Castle Age
19:56 Horse Collar
20:16 Double-Bit Axe
22:52 Bow Saw
23:47 Wheelbarrow
23:34 Heavy Plow
26:05 Bloodlines
28:07 Hand Cart
27:50 Gold Mining
27:50 Stone Mining
30:18 Fortified Wall
30:59 Ballistics
37:03 Imperial Age
39:02 Town Watch
Connection lost

Rejoining the realm…

Still unreachable

The connection could not be restored.

Session expired

The server has moved on; the page needs a fresh start.